 Dungeon Sprint DCSS version 0.29-a0-817-g9904bce7a6 (webtiles) character file.

Game seed: 16295277128441239195

21956 wilfster70 the Warrior (level 12, -6/95 HPs)
             Began as a Gargoyle Fighter on July 5, 2022.
             Was the Champion of Qazlal.
             Mangled by an iron golem (27 damage)
             ... in the Dungeon (Sprint V: "Ziggurat Sprint").
             The game lasted 00:08:14 (1627 turns).

wilfster70 the Warrior (Gargoyle Fighter)           Turns: 1627, Time: 00:08:15

Health: -6/95      AC: 33    Str: 30    XL:     12   Next: 95%
Magic:  12/25      EV:  0    Int: 10    God:    Qazlal [******]
Gold:   0          SH: 35    Dex:  9    Spells: 11/11 levels left

rFire   + + .      SeeInvis .   a - +5 broad axe
rCold   + + .      Faith    .   x - +18 shield of the Gong {rElec rN+ Will+ EV-5}
rNeg    + + .      Spirit   .   k - +5 gold dragon scales
rPois   ∞          Reflect  .   (no helmet)
rElec   +          Harm     .   (no cloak)
rCorr   .          Rampage  .   (no gloves)
Will    +....      NoTele   +   n - +0 pair of boots of Idealism {rElec rF+}
Stlth   ..........              (no amulet)
HPRegen 0.25/turn               p - +6 ring of strength
MPRegen 0.19/turn               B - ring of the Octopus King {rC+ HP+2 AC+2 EV+2 SH+2}

@: mighty, protected from physical damage, invisible, repel missiles
A: sickness immunity, AC +8, negative energy resistance 1, electricity
resistance, torment resistance 1, petrification resistance
a: Renounce Religion, Upheaval, Elemental Force, Disaster Area


You were in the Dungeon.
You worshipped Qazlal.
Qazlal was exalted by your worship.
You visited 1 branch

Inventory:

Hand Weapons
 a - a +5 broad axe (weapon)
 b - a +2 vorpal morningstar
Armour
 k - +5 gold dragon scales (worn)
 n - the +0 pair of boots of Idealism (worn) {rElec rF+}
   (You found it in the Dungeon)

   rF:        It protects you from fire.
   rElec:     It insulates you from electricity.
 x - the +18 shield of the Gong (worn) {rElec rN+ Will+ EV-5}
   (You found it in the Dungeon)

   It is deafeningly noisy when blocking attacks.
   EV:        It affects your evasion (-5).
   rElec:     It insulates you from electricity.
   rN:        It protects you from negative energy.
   Will:      It increases your willpower.
Jewellery
 i - the ring of Moodiness {rF+ Dex+6}
   (You found it in the Dungeon)

   [ring of protection from fire]

   Dex:       It affects your dexterity (+6).
   rF:        It protects you from fire.
 p - a +6 ring of strength (left hand)
 y - a +4 ring of slaying
 z - a ring of resist corrosion
 A - a ring of willpower
 B - a ring of the Octopus King (right hand) {rC+ HP+2 AC+2 EV+2 SH+2}
   (You found it in the Dungeon)

   [ring of protection from cold]

   AC:        It affects your AC (+2).
   EV:        It affects your evasion (+2).
   rC:        It protects you from cold.
   HP:        It affects your health (+2).
   SH:        It affects your SH (+2).
Wands
 s - a wand of quicksilver (7)
 u - a wand of mindburst (6)
Scrolls
 j - 4 scrolls of blinking
 o - 4 scrolls of amnesia
 r - 5 scrolls of identify
 t - 8 scrolls of fog
 v - 2 scrolls of fear
Potions
 c - 2 potions of brilliance
 d - 5 potions of might
 e - 10 potions of curing
 f - 6 potions of heal wounds
 g - 10 potions of haste
 h - 6 potions of magic
 m - 3 potions of resistance
Miscellaneous
 w - a lightning rod (3/4)


   Skills:
 + Level 18.5 Fighting
 - Level 18.0 Axes
 - Level 3.2 Armour
 - Level 3.2 Shields
 + Level 18.2 Invocations
 + Level 15.1 Evocations


You had 11 spell levels left.
You didn't know any spells.
Your spell library contained the following spells:

 Spells                   Type           Power      Damage    Failure   Level
 Apportation              Tloc           0%         N/A       100%        1
 Foxfire                  Conj/Fire      0%         2x1d4     100%        1
 Necrotise                Necr           0%         1d4       100%        1
 Sandblast                Erth           0%         2d4       100%        1
 Slow                     Hex            0%         N/A       100%        1
 Summon Small Mammal      Summ           0%         N/A       100%        1
 Blink                    Tloc           0%         N/A       100%        2
 Static Discharge         Conj/Air       0%         3-3/arc   100%        2
 Confusing Touch          Hex            0%         N/A       100%        3
 Conjure Flame            Conj/Fire      0%         6-21      100%        3
 Inner Flame              Hex/Fire       0%         N/A       100%        3
 Vampiric Draining        Necr           0%         2d6       100%        3
 Anguish                  Hex/Necr       0%         N/A       100%        4
 Animate Dead             Necr           0%         N/A       100%        4
 Dispel Undead            Necr           0%         3d6       100%        4
 Flame Wave               Conj/Fire      0%         2d4       100%        4
 Sticky Flame             Conj/Fire      0%         2d3       100%        4
 Alistair's Intoxication  Tmut/Pois      0%         N/A       100%        5
 Freezing Cloud           Conj/Ice/Air   0%         6-21      100%        5
 Lee's Rapid Deconstruct  Erth           0%         3d5*      100%        5
 Manifold Assault         Tloc           0%         N/A       100%        5
 Yara's Violent Unravell  Hex/Tmut       0%         3d3       100%        5
 Simulacrum               Ice/Necr       0%         N/A       100%        6
 Enfeeble                 Hex            0%         N/A       100%        7
 Haunt                    Necr/Summ      0%         N/A       100%        7
 Storm Form               Tmut/Air       0%         N/A       100%        7
 Borgnjor's Revivificati  Necr           0%         N/A       100%        8
 Infestation              Necr           0%         N/A       100%        8
 Necromutation            Tmut/Necr      0%         N/A       100%        8
 Death's Door             Necr           0%         N/A       100%        9
 Polar Vortex             Ice            0%         N/A       100%        9


Dungeon Overview and Level Annotations

Branches:
Dungeon (1/1)

Altars:
Ashenzari
Cheibriados
Dithmenos
Elyvilon
Fedhas
Gozag
Hepliaklqana
Kikubaaqudgha
Makhleb
Nemelex Xobeh
Okawaru
Qazlal
Ru
Sif Muna
Trog
Uskayaw
Vehumet
Wu Jian
Xom
Yredelemnul
Zin
The Shining One
Jiyva
Lugonu


Innate Abilities, Weirdness & Mutations

You are immune to sickness and miasma.
Your stone body is resilient. (AC +8)
You are immune to poison.
You resist negative energy. (rN+)
You are resistant to electric shocks. (rElec)
You are resistant to unholy torment.
You are immune to petrification.


Message History

The iron golem is heavily damaged.
You hit the iron golem but do no damage.
You block the iron golem's attack.
BOUMMMMG!
You block the iron golem's attack.
BOUMMMMG!
The iron golem hits you!
* * * LOW HITPOINT WARNING * * *
You block the iron golem's attack.
GONNNNG!
You feel much better. The iron golem hits you!
* * * LOW HITPOINT WARNING * * *
You block the iron golem's attack.
GONNNNG!
You block the iron golem's attack.
GONNNNG!
The iron golem hits you!
* * * LOW HITPOINT WARNING * * *
You feel much better.
The iron golem hits you but does no damage.
You block the iron golem's attack.
PTOANNNG!
You block the iron golem's attack.
BOUMMMMG!
The iron golem hits you but does no damage.
You completely miss the iron golem.
The iron golem is heavily damaged.
You hit the iron golem. You block the iron golem's attack.
BONNNG!
You block the iron golem's attack.
GONNNNG!
You block the iron golem's attack.
GONNNNG!
You block the iron golem's attack.
GONNNNG!
You barely miss the iron golem.
The iron golem is heavily damaged.
You hit the iron golem but do no damage.
The iron golem hits you!!
You die...

▓...8©8...▓
▓...)=|:..▓..}}|....▓
▓..)..):..▓..|=))...▓
▓..!|)..).▓...÷)..).▓
▓..)...)..▓.........▓
▓.........▓....÷....▓
▓.≈.......▓......)..▓
▓.§▓99☼▓..▓.........▓
▓.▓☼@.○.▓.▓.▓..÷..▓.▓
▓....©○...▓....©....▓
▓▓▓▓▓▓▓▓▓▓▓▓▓▓▓▓▓▓▓▓▓


You could see 2 iron golems.

Vanquished Creatures
  A Brimstone Fiend (D)
  A hellephant (D)
  4 ancient champions (D)
  3 fire giants (D)
  A balrug (D)
  2 war gargoyles (D)
  A salamander tyrant (D)
  7 starcursed masses (D)
  2 dancing weapons (D)
  A stoker (D)
  A hell hog (D)
  A wretched star (D)
  A glowing orange brain (D)
  A deep elf zephyrmancer (D)
  2 draconians (D)
  A hellion (D)
  3 tormentors (D)
  3 freezing wraiths (D)
  2 polar bears (D)
  A wind drake (D)
  A slime creature (D)
  6 air elementals (D)
  A flying skull (D)
  A basilisk (D)
  2 yaks (D)
  A black bear (D)
  2 orc warriors (D)
  A wolf (D)
  A small abomination (D)
  3 bullfrogs (D)
  3 quasits (D)
  An orc priest (D)
  An iguana (D)
  An iron imp (D)
  An orc wizard (D)
  A mummy (D)
  3 white imps (D)
  An ufetubus (D)
  An adder simulacrum (D)
  2 orcs (D)
  2 endoplasms (D)
  A ball python zombie (D)
  A giant cockroach zombie (D)
77 creatures vanquished.

Vanquished Creatures (others)
  A fire elemental (D)
1 creature vanquished.

Grand Total: 78 creatures vanquished

Notes
Turn   | Place    | Note
-------+----------+-------------------------------------------
     0 | D        | wilfster70 the Gargoyle Fighter began the quest for the
                  | Orb.
     0 | D        | Reached XP level 1. HP: 14/14 MP: 1/1
    22 | D        | Found a blossoming altar of Fedhas.
    22 | D        | Found the +6 Majin-Bo {vamp, MP+6 Int+6}
    22 | D        | Found the +9 heavy crossbow "Sniper" {vorpal, Acc+∞ SInv}
    22 | D        | Found the +10 dark maul {vorpal}
    22 | D        | Found the +15 Maxwell's patent armour {-Cast -Tele rElec
                  | Will+ rCorr}
    22 | D        | Found the +18 shield of the Gong {rElec rN+ Will+ EV-5}
    22 | D        | Found the +14 obsidian axe {vorpal, Mesm Drain Fly SInv}
    22 | D        | Found the +7 great mace "Firestarter" {inner flame, rF++}
    22 | D        | Found the +6 shillelagh "Devastator" {shatter}
    22 | D        | Found the +11 plutonium sword {Contam Stlth-}
    22 | D        | Found the +8 lance "Wyrmbane" {slay drac, rPois rF+ rC+
                  | AC+3}
    22 | D        | Found the +9 sword of Zonguldrok {reap}
    22 | D        | Found the +13 scythe of Curses {drain, Drain}
    22 | D        | Found the +5 sword of Power {vorpal}
    22 | D        | Found the +7 mace of Variability {chain chaos}
    22 | D        | Found the +7 Singing Sword {vorpal, sonic wave}
    22 | D        | Found the +8 storm bow {elec, penet}
    23 | D        | Found a viscous altar of Jiyva.
    23 | D        | Found a transporter.
    23 | D        | Found a hazy altar of Hepliaklqana.
    23 | D        | Found an ancient bone altar of Kikubaaqudgha.
    23 | D        | Found an opulent altar of Gozag.
    23 | D        | Found a corrupted altar of Lugonu.
    29 | D        | Found a burning altar of Makhleb.
    30 | D        | Found a sacrificial altar of Ru.
    30 | D        | Found a stormy altar of Qazlal.
    30 | D        | Found a shimmering blue altar of Sif Muna.
    30 | D        | Found an iron altar of Okawaru.
    30 | D        | Found a bloodstained altar of Trog.
    30 | D        | Found a sparkling altar of Nemelex Xobeh.
    87 | D        | Became a worshipper of Qazlal Stormbringer
    93 | D        | Reached skill level 5 in Fighting
    93 | D        | Reached XP level 2. HP: 22/22 MP: 1/5
   144 | D        | Entered arena 2.
   144 | D        | Noticed a draconian
   144 | D        | Noticed a draconian
   144 | D        | Found a transporter.
   155 | D        | Killed a draconian
   156 | D        | Reached skill level 5 in Evocations
   156 | D        | Reached XP level 3. HP: 30/30 MP: 5/8
   156 | D        | Reached XP level 4. HP: 36/36 MP: 6/10
   156 | D        | Reached XP level 5. HP: 40/40 MP: 6/11
   156 | D        | Reached XP level 6. HP: 45/45 MP: 6/12
   156 | D        | Killed a draconian
   157 | D        | Reached skill level 10 in Fighting
   157 | D        | Reached XP level 7. HP: 52/52 MP: 6/14
   239 | D        | Entered arena 3.
   239 | D        | Noticed a slime creature
   239 | D        | Found a transporter.
   243 | D        | Reached * piety under Qazlal
   248 | D        | Killed a slime creature
   249 | D        | Reached XP level 8. HP: 41/58 MP: 15/15
   343 | D        | Entered arena 4.
   343 | D        | Noticed a +1 mace of protection
   343 | D        | Noticed a +2 short sword of draining
   343 | D        | Noticed a deep elf zephyrmancer
   343 | D        | Found a transporter.
   350 | D        | Killed a +2 short sword of draining
   350 | D        | Reached ** piety under Qazlal
   351 | D        | Reached skill level 10 in Invocations
   358 | D        | Killed a +1 mace of protection
   359 | D        | Reached skill level 10 in Axes
   359 | D        | Reached XP level 9. HP: 21/65 MP: 17/17
   359 | D        | Killed a deep elf zephyrmancer
   369 | D        | Got the +0 pair of boots of Idealism {rElec rF+}
   602 | D        | Entered arena 5.
   602 | D        | Found a transporter.
   607 | D        | Reached *** piety under Qazlal
   726 | D        | Entered arena 6.
   726 | D        | Noticed a wretched star
   726 | D        | Noticed a starcursed mass
   726 | D        | Found a transporter.
   727 | D        | Reached **** piety under Qazlal
   737 | D        | Killed a starcursed mass
   738 | D        | Reached skill level 10 in Evocations
   738 | D        | Reached XP level 10. HP: 40/73 MP: 9/17
   740 | D        | Killed a wretched star
   742 | D        | Killed a starcursed mass
   742 | D        | Reached ***** piety under Qazlal
   752 | D        | Got the Incunable of the Inconstant Geologist
   754 | D        | Got the ring of Moodiness {rF+ Dex+6}
   968 | D        | Entered arena 7.
   969 | D        | Found a transporter.
  1024 | D        | Entered arena 8.
  1024 | D        | Noticed a glowing orange brain
  1024 | D        | Noticed a starcursed mass
  1025 | D        | Found a transporter.
  1031 | D        | Killed a glowing orange brain
  1034 | D        | Killed a starcursed mass
  1035 | D        | Killed a starcursed mass
  1037 | D        | Killed a starcursed mass
  1037 | D        | Reached ****** piety under Qazlal
  1190 | D        | Entered arena 9.
  1190 | D        | Paralysed by an air elemental for 1 turns
  1192 | D        | Reached XP level 11. HP: 70/80 MP: 12/21
  1192 | D        | Found a transporter.
  1193 | D        | Paralysed by an air elemental for 1 turns
  1247 | D        | Entered arena 10.
  1249 | D        | Reached skill level 15 in Axes
  1249 | D        | Found a transporter.
  1254 | D        | Reached skill level 15 in Fighting
  1296 | D        | Entered arena 11.
  1296 | D        | Found the +10 tower shield of Ignorance {rN+ Int-4}
  1296 | D        | Found the ring of the Octopus King {rC+ HP+2 AC+2 EV+2
                  | SH+2}
  1297 | D        | Found a transporter.
  1315 | D        | Got a ring of the Octopus King {rC+ HP+2 AC+2 EV+2 SH+2}
  1327 | D        | Entered arena 12.
  1327 | D        | Noticed a salamander tyrant
  1327 | D        | Noticed a Brimstone Fiend
  1327 | D        | Noticed a balrug
  1327 | D        | Noticed a hellephant
  1327 | D        | Noticed a fire giant
  1328 | D        | Killed a salamander tyrant
  1328 | D        | Killed a balrug
  1328 | D        | Killed a fire giant
  1328 | D        | Noticed a hell hog
  1329 | D        | Reached skill level 15 in Invocations
  1330 | D        | Noticed a fire giant
  1330 | D        | Killed a Brimstone Fiend
  1330 | D        | Killed a hell hog
  1330 | D        | Noticed a stoker
  1332 | D        | Noticed a fire giant
  1334 | D        | Killed a stoker
  1334 | D        | Killed a fire giant
  1334 | D        | Killed a fire giant
  1335 | D        | Reached XP level 12. HP: 39/88 MP: 14/23
  1345 | D        | Killed a hellephant
  1347 | D        | Found a transporter.
  1602 | D        | Entered arena 13.
  1602 | D        | Noticed an ancient champion
  1602 | D        | Noticed a war gargoyle
  1602 | D        | Noticed an ancient champion
  1602 | D        | Noticed an iron golem
  1603 | D        | Noticed a war gargoyle
  1603 | D        | Noticed an iron golem
  1603 | D        | Noticed an ancient champion
  1603 | D        | Noticed an ancient champion
  1604 | D        | Killed a war gargoyle
  1605 | D        | Killed an ancient champion
  1605 | D        | Killed an ancient champion
  1605 | D        | Killed an ancient champion
  1605 | D        | Killed an ancient champion
  1607 | D        | Killed a war gargoyle
  1608 | D        | Reached skill level 15 in Evocations
  1618 | D        | HP: 3/95 [iron golem (4)]
  1624 | D        | HP: 4/95 [iron golem (12)]
  1627 | D        | Mangled by an iron golem

Illustrated notes

Levels and vault maps discovered:
D:        sprint_v [room_start, room_1, room_2, room_3, room_4, room_5, room_6,
          room_7, room_8, room_9, room_10, room_11, room_12, room_13, room_14,
          room_15, room_16, room_17, room_18, room_19, room_20, room_21,
          room_22, room_23, room_24, room_25, room_26, room_27]

Skill      XL: |  1  2  3  4  5  6  7  8  9 10 11 12 |
---------------+-------------------------------------+-----
Fighting       | 5 8 10 12 13 14 16 18 | 18.5
Axes           | 4 7 8 10 11 14 17 18 | 18.0
Invocations    | 4 8 9 11 12 14 15 18 | 18.2
Evocations     | 5 6 7 9 10 11 13 15 | 15.1
Armour         | |  3.2
Shields        | |  3.2

Action                   |  1- 3 |  4- 6 |  7- 9 | 10-12 || total
-------------------------+-------+-------+-------+-------++-------
Melee: Broad axe         |     8 |     1 |    30 |    42 ||    81
Invok: Upheaval          |       |       |     2 |       ||     2
       Disaster Area     |       |       |       |    10 ||    10
Evoke: Wand              |       |       |       |     1 ||     1
       Lightning rod     |       |       |       |     1 ||     1
  Use: Potion            |     3 |       |     4 |    10 ||    17
 Stab: Invisible         |     2 |       |       |       ||     2
Armor: Gold dragon scale |     2 |       |    19 |    20 ||    41
Dodge: Dodged            |       |       |       |     1 ||     1
Block: Kite shield       |    17 |       |    44 |    67 ||   128

Table legend: (Time is in decaauts)
 A = Elapsed time spent in this place.
 B = Non-inter-level travel time spent in this place.
 C = Inter-level travel time spent in this place.
 D = Time resting spent in this place.
 E = Time spent auto-exploring this place.
 F = Levels seen in this place.
 G = Mean time per level.
                   A        B        C        D        E       F      G
               +--------+--------+--------+--------+--------+-----+--------+
         Total |   1664 |   1664 |      0 |   1192 |      0 |   1 | 1664.0 |
       Dungeon |   1664 |   1664 |      0 |   1192 |      0 |   1 | 1664.0 |
               +--------+--------+--------+--------+--------+-----+--------+

Top non-repeatable levels by time:
       D: 1664 daAuts
